 Seeded DCSS version 0.30-a0-862-g1aabd4f9c5 (webtiles) character file.

Game seed: 20230310 (custom seed)

110687 bmack86 the Severer (level 16, -1/150 HPs)
             Began as a Minotaur Fighter on Mar 10, 2023.
             Was the Champion of Okawaru.
             Shot with an arrow by Vashnia (14 damage)
             ... on level 2 of the Snake Pit.
             The game lasted 01:06:51 (26315 turns).

bmack86 the Severer (Minotaur Fighter)             Turns: 26315, Time: 01:06:54

Health: -1/150     AC: 40    Str: 26    XL:     16   Next: 7%
Magic:  18/23      EV:  6    Int: 13    God:    Okawaru [******]
Gold:   1712       SH: 19    Dex: 13    Spells: 15/15 levels left

rFire   x x .      SeeInvis .    P - +8 broad axe "Keprycaed" {venom, Dex+2}
rCold   x x .      Faith    .    D - +1 tower shield
rNeg    . . .      Spirit   .    C - +3 plate armour
rPois   +          Reflect  .    E - +2 hat
rElec   +          Rampage  .    l - +2 cloak
rCorr   +                        c - +1 pair of gloves of a bazaar {Will+}
Will    +++..                    G - +2 pair of boots Stlth
                                 s - amulet of Elemental Vulnerability {rPois rF-- rC-- AC+8}
HPRegen 0.45/turn                V - ring "Townunoos" {rElec rCorr Int+6}
MPRegen 0.18/turn                W - ring of willpower

@: lethally poisoned (-1 -> -2), finesse-ful
A: horns 2, retaliatory headbutt
a: Renounce Religion, Heroism, Finesse, Duel


You were on level 2 of the Snake Pit.
You worshipped Okawaru.
Okawaru was exalted by your worship.
You visited 5 branches of the dungeon, and saw 25 of its levels.
You also visited: Ossuary.

You collected 2975 gold pieces.
You spent 1263 gold pieces at shops.

Inventory:

Hand Weapons
 a - a +1 war axe of draining
 P - the +8 broad axe "Keprycaed" (weapon) {venom, Dex+2}
   (Okawaru gifted it to you on level 3 of the Lair of Beasts)

   Dex:       It affects your dexterity (+2).
Missiles
 i - 14 boomerangs (quivered)
 o - 85 poisoned darts
 O - 6 curare-tipped darts
 R - 11 javelins
 U - 3 silver boomerangs
 X - 6 silver javelins
Armour
 c - the +1 pair of gloves of a bazaar (worn) {Will+}
   (Okawaru gifted it to you on level 13 of the Dungeon)

   Will:      It increases your willpower.
 l - a +2 cloak (worn)
 C - a +3 plate armour (worn)
 D - a +1 tower shield (worn)
 E - a +2 hat (worn)
 G - a +2 pair of boots (worn)
Jewellery
 q - a ring of flight
 r - a +5 ring of evasion
 s - the amulet of Elemental Vulnerability (around neck) {rPois rF-- rC-- AC+8}
   (You found it on level 2 of the Lair of Beasts)

   [amulet of nothing]

   AC:        It affects your AC (+8).
   rF:        It makes you very vulnerable to fire.
   rC:        It makes you very vulnerable to cold.
   rPois:     It protects you from poison.
 v - a ring of resist corrosion
 F - a ring of protection from fire
 L - a +6 ring of intelligence
 V - the ring "Townunoos" (left hand) {rElec rCorr Int+6}
   (You bought it in a shop on level 2 of the Orcish Mines)

   [ring of intelligence]

   Int:       It affects your intelligence (+6).
   rElec:     It insulates you from electricity.
   rCorr:     It protects you from acid and corrosion.
 W - a ring of willpower (right hand)
 Y - an amulet of magic regeneration
Wands
 m - a wand of polymorph (17)
 x - a wand of digging (3)
 y - a wand of mindburst (10)
 I - a wand of iceblast (22)
 J - a wand of paralysis (15)
 M - a wand of flame (57)
 Q - a wand of quicksilver (8)
Scrolls
 b - 5 scrolls of identify
 j - 11 scrolls of teleportation
 n - 3 scrolls of fear
 p - 7 scrolls of amnesia
 z - 5 scrolls of enchant weapon
 B - a scroll of fog
 H - 2 scrolls of blinking
Potions
 d - 3 potions of might
 f - a potion of resistance
 g - 5 potions of haste
 h - 4 potions of berserk rage
 k - 2 potions of magic
 t - 3 potions of ambrosia
 u - 12 potions of curing
 w - 5 potions of heal wounds
 K - 3 potions of flight
 N - 2 potions of brilliance


   Skills:
 + Level 15.7 Fighting
 - Level 18.0 Axes
 - Level 10.0 Throwing
 + Level 15.7 Armour
 + Level 15.5 Shields
 + Level 11.6 Invocations


You had 15 spell levels left.
You didn't know any spells.
Your spell library contained the following spells:

 Spells                   Type           Power      Damage    Failure   Level
 Magic Dart               Conj           0%         1d3       100%        1
 Slow                     Hex            0%         N/A       100%        1
 Searing Ray              Conj           0%         2d4       100%        2
 Confusing Touch          Hex            0%         N/A       100%        3
 Mephitic Cloud           Conj/Pois/Air  0%         N/A       100%        3
 Vampiric Draining        Necr           0%         2d6       100%        3
 Fulminant Prism          Conj/Hex       0%         3d5       100%        4
 Olgreb's Toxic Radiance  Pois           0%         N/A       100%        4
 Passage of Golubria      Tloc           0%         N/A       100%        4
 Alistair's Intoxication  Tmut/Pois      0%         N/A       100%        5
 Borgnjor's Vile Clutch   Necr/Erth      0%         N/A       100%        5
 Silence                  Hex/Air        0%         N/A       100%        5
 Yara's Violent Unravell  Hex/Tmut       0%         3d3       100%        5
 Eringya's Noxious Bog    Tmut/Pois      0%         N/A       100%        6
 Enfeeble                 Hex            0%         N/A       100%        7
 Orb of Destruction       Conj           0%         9d5       100%        7
 Ozocubu's Refrigeration  Ice            0%         4d7       100%        7
 Ignition                 Fire           0%         3d3       100%        8
 Lehudib's Crystal Spear  Conj/Erth      0%         10d2      100%        8
 Summon Guardian Golem    Hex/Summ       Unusable   N/A       N/A         3
 Summon Cactus Giant      Summ           Unusable   N/A       N/A         6
 Spellforged Servitor     Conj/Summ      Unusable   N/A       N/A         7

Dungeon Overview and Level Annotations

Branches:
Dungeon (15/15)            Temple (1/1) D:7            Lair (5/5) D:9
  Swamp (0/4) Lair:3        Snake (2/4) Lair:3        Slime (0/5) Lair:5
    Orc (2/2) D:12            Elf (0/3) Orc:2        Vaults (0/5) D:13
 Depths (0/4) D:15        Ossuary (visited)

Altars:
Ashenzari
Cheibriados
Dithmenos
Elyvilon
Fedhas
Gozag
Hepliaklqana
Kikubaaqudgha
Makhleb
Nemelex Xobeh
Okawaru
Qazlal
Ru
Sif Muna
Trog
Uskayaw
Vehumet
Wu Jian
Xom
Yredelemnul
Zin
The Shining One

Shops:
D:11 *   Orc:2 ==[**

Annotations:
Snake:1 1 runed translucent door
Snake:2 Vashnia


Innate Abilities, Weirdness & Mutations

You have a pair of horns on your head.
You reflexively headbutt those who attack you in melee.


Message History

You slash Vashnia! You headbutt Vashnia.
Vashnia is lightly wounded.
You feel very sick.
You barely miss Vashnia.
Vashnia is lightly wounded.
You feel sick.
The naga sharpshooter spits poison at you.
You block the splash of poison.
Vashnia shoots an arrow.
You block the arrow.
Unknown command.
You slash Vashnia! Your headbutt misses Vashnia.
Vashnia is lightly wounded.
You feel sick.
The naga sharpshooter shoots an arrow.
You block the arrow.
Vashnia shoots an arrow.
The arrow hits you!!
Unknown command.
You slice Vashnia!!
Vashnia is moderately wounded.
You feel sick.
The naga sharpshooter shoots an arrow.
The arrow barely misses you.
Unknown command.
You slash Vashnia!
Vashnia is heavily wounded.
You feel sick.
The naga sharpshooter shoots an arrow.
The arrow hits you but does no damage.
Vashnia gestures wildly while chanting.
Vashnia magically shoots an arrow.
The arrow hits you!!
* * * LOW HITPOINT WARNING * * *
You can now deal lightning-fast blows.
You feel sick.
The naga sharpshooter shoots an arrow.
The arrow hits you!
* * * LOW HITPOINT WARNING * * *
Vashnia spits poison at you. You block the splash of poison.
You miss Vashnia. You headbutt Vashnia.
Vashnia is heavily wounded.
You hit Vashnia. Your headbutt misses Vashnia.
Vashnia is heavily wounded.
You feel sick.
The naga sharpshooter mumbles some strange words.
The naga sharpshooter magically shoots an arrow.
You block the arrow.
Vashnia shoots an arrow.
The arrow hits you!
You die...

,,** #...# *,,,* ,**
#...# *,..# **
##...# *,..# *
##..#.# *,..#
##....## *,..#
*#......## **..#
***#....#...#####..#
,,#....###.$.##.N..#
*.....#* ##...).@#**
*#...#* ##)N..##
,...#* *#....# *..#*
*#....## ,.(,**
*#...$##
,*,*,***#....##
***,,,*#....## *
**,,,.#..#*
**,,,,,**


You could see Vashnia (catching breath) and a naga sharpshooter (poisoned).

Vanquished Creatures
  A bone dragon (D:12)
  Nessos (Orc:2)
  Snorg (Orc:2)
  An ettin (Orc:1)
  The ghost of ders the Eclecticist, a journeyman DjCj of Ashenzari (Lair:2)
  3 rakshasas (D:15)
  Erolcha (Orc:2)
  A vault guard (D:13)
  4 hydras
  4 catoblepae
  3 anacondas (Snake:1)
  Erica (D:11)
  4 centaur warriors
  3 two-headed ogres
  13 death yaks
  A tengu warrior (D:13)
  2 naga warriors (Snake:1)
  6 orc high priests (Orc:2)
  Urug (Orc:2)
  8 naga sharpshooters
  Nergalle (Lair:1)
  Sonja (Lair:4)
  3 skeletal warriors (D:14)
  A glowing orange brain (D:15)
  A swamp dragon (shapeshifter) (D:13)
  A wizard (D:15)
  11 orc knights
  2 naga ritualists (Snake:1)
  2 lindwurms
  An orc sorcerer (Orc:1)
  6 manticores
  4 deep elf pyromancers
  4 mana vipers (Snake:1)
  3 cyclopes
  15 ugly things
  A salamander (Snake:1)
  8 elephants (Lair:5)
  Joseph (D:8)
  2 naga magi (Snake:1)
  8 black mambas
  3 cane toads
  2 gargoyles
  4 rime drakes
  7 centaur skeletons (D:12)
  A kobold demonologist (D:13)
  4 komodo dragons
  Maggie (D:7)
  3 tengu conjurers (D:15)
  2 efreet
  A tyrant leech (Lair:3)
  4 polar bears
  3 trolls
  Grinder (D:4)
  26 blink frogs
  A hornet (D:6)
  3 meliai zombies (D:12)
  A centaur simulacrum (D:12)
  16 slime creatures
  3 wyverns
  A shadow (D:10)
  2 vampires
  47 yaks
  A wraith (D:12)
  9 humans (D:13)
  3 swamp worms (Lair:3)
  A basilisk (Lair:5)
  12 vampire mosquitoes
  Menkaure (Ossuary)
  3 acid dragons
  4 wargs
  16 nagas
  9 water moccasins
  5 ice beasts
  38 orc warriors
  2 black bears (D:6)
  A hornet zombie (D:12)
  11 wolves
  5 ogres
  11 centaurs
  2 phantoms
  7 kobold brigands
  11 bullfrogs
  A gnoll sergeant (D:12)
  A scorpion (D:7)
  A wight (D:8)
  6 killer bees (D:10)
  4 electric eels
  4 howler monkeys
  A howler monkey (shapeshifter) (D:15)
  9 centaur zombies
  4 hounds (D:5)
  3 jellies
  25 orc priests
  2 gnoll boudas
  An iron imp (D:4)
  3 sleepcaps
  A boggart zombie (D:12)
  Terence (D:2)
  3 iguanas
  14 orc wizards
  2 boggart skeletons (D:12)
  2 ogre zombies (Ossuary)
  6 mummies (Ossuary)
  Robin (D:4)
  18 gnolls
  5 adders
  4 shadow imps
  4 white imps
  3 ufetubi
  7 adder zombies (Ossuary)
  A worm (D:2)
  3 dart slugs
  70 orcs
  12 endoplasms
  5 giant cockroaches
  14 goblins
  11 hobgoblins
  40 kobolds
  2 quokkas
  8 ball pythons
  5 bats
  4 frilled lizards
  5 goblin zombies (Ossuary)
  4 hobgoblin zombies (Ossuary)
  4 kobold zombies (Ossuary)
  An orc zombie (Ossuary)
  3 quokka zombies (Ossuary)
  2 rats (D:1)
  A rat zombie (Ossuary)
755 creatures vanquished.

Vanquished Creatures (others)
  A vault guard (D:13)
  A human (D:13)
  An orc priest (Orc:2)
  An orc (Orc:2)
  29 fungi
  75 plants
108 creatures vanquished.

Grand Total: 863 creatures vanquished

Notes
Turn   | Place    | Note
-------+----------+-------------------------------------------
     0 | D:1      | bmack86 the Minotaur Fighter began the quest for the Orb.
     0 | D:1      | Reached XP level 1. HP: 19/19 MP: 0/0
    62 | D:1      | Reached XP level 2. HP: 26/27 MP: 1/1
   129 | D:1      | Reached skill level 3 in Axes
   338 | D:1      | Found a faded altar of an unknown god.
   797 | D:2      | Reached XP level 3. HP: 33/33 MP: 2/2
   973 | D:2      | Noticed Terence
   979 | D:2      | Killed Terence
   980 | D:2      | Reached XP level 4. HP: 40/40 MP: 3/3
  1430 | D:2      | Reached skill level 4 in Axes
  1462 | D:3      | Found a hazy altar of Hepliaklqana.
  1608 | D:3      | Found a stormy altar of Qazlal.
  1708 | D:3      | Found a radiant altar of Vehumet.
  1768 | D:3      | Found a glowing golden altar of the Shining One.
  1782 | D:3      | Identified the +6 trident of Mor Ynlu {flame, Str+3}
  2459 | D:4      | Found a snail-covered altar of Cheibriados.
  2467 | D:4      | Reached XP level 5. HP: 45/47 MP: 4/4
  2810 | D:4      | Noticed Robin
  2821 | D:4      | Killed Robin
  2822 | D:4      | Reached skill level 5 in Axes
  2837 | D:4      | Reached XP level 6. HP: 27/55 MP: 5/5
  3182 | D:4      | Noticed Grinder
  3182 | D:4      | Paralysed by Grinder for 5 turns
  3193 | D:4      | Paralysed by Grinder for 3 turns
  3208 | D:4      | Paralysed by Grinder for 2 turns
  3211 | D:4      | Killed Grinder
  3212 | D:4      | Reached skill level 5 in Fighting
  3212 | D:4      | Reached skill level 6 in Axes
  3212 | D:4      | Reached skill level 5 in Armour
  3212 | D:4      | Reached skill level 5 in Shields
  3402 | D:4      | Reached XP level 7. HP: 61/61 MP: 6/6
  3492 | D:5      | Entered Level 5 of the Dungeon
  3708 | D:5      | Identified a scroll of acquirement
  3708 | D:5      | Acquired a manual of Axes
  3819 | D:5      | Reached skill level 7 in Axes
  3993 | D:5      | Found a basalt altar of Yredelemnul.
  4106 | D:5      | Found a white marble altar of Elyvilon.
  4156 | D:5      | Found a sacrificial altar of Ru.
  4276 | D:5      | Reached skill level 8 in Axes
  4276 | D:5      | Reached XP level 8. HP: 67/70 MP: 7/7
  4876 | D:6      | Identified the +3 falchion "Isholepn" {flame, rElec rN++
                  | Int+2}
  4951 | D:6      | Reached skill level 9 in Axes
  4951 | D:6      | Reached skill level 1 in Throwing
  5105 | D:6      | Found a shimmering blue altar of Sif Muna.
  5201 | D:6      | Noticed a hornet
  5206 | D:6      | Killed a hornet
  5207 | D:6      | Reached skill level 10 in Axes
  5675 | D:6      | Reached XP level 9. HP: 78/79 MP: 8/8
  5679 | D:6      | Reached skill level 11 in Axes
  6125 | D:7      | Found a staircase to the Ecumenical Temple.
  6132 | D:7      | Noticed Maggie
  6134 | Temple   | Entered the Ecumenical Temple
  6203 | D:7      | Killed Maggie
  6204 | D:7      | Reached skill level 12 in Axes
  6390 | D:7      | Found an iron altar of Okawaru.
  6396 | D:7      | Became a worshipper of Warmaster Okawaru
  6562 | D:7      | Reached skill level 1 in Invocations
  6779 | D:8      | Noticed a two-headed ogre
  6789 | D:8      | Killed a two-headed ogre
  6789 | D:8      | Reached * piety under Okawaru
  6790 | D:8      | Reached skill level 13 in Axes
  6790 | D:8      | Reached XP level 10. HP: 55/88 MP: 8/10
  6916 | D:8      | Found a sand-covered staircase.
  6935 | Ossuary  | Entered an ossuary
  7132 | Ossuary  | Noticed Menkaure
  7139 | Ossuary  | Killed Menkaure
  7536 | D:8      | Noticed Joseph
  7773 | D:8      | Killed Joseph
  7773 | D:8      | Reached ** piety under Okawaru
  7957 | D:8      | Found a large runed translucent door.
  7963 | D:8      | Found a large runed translucent door.
  7994 | D:8      | Found an ancient bone altar of Kikubaaqudgha.
  7999 | D:8      | Found a sparkling altar of Nemelex Xobeh.
  8055 | D:8      | Reached skill level 14 in Axes
  8365 | D:9      | Found a staircase to the Lair.
  8404 | D:9      | Noticed a two-headed ogre
  8418 | D:9      | Killed a two-headed ogre
  8566 | D:9      | Noticed a two-headed ogre
  8572 | D:9      | Killed a two-headed ogre
  8572 | D:9      | Reached *** piety under Okawaru
  8573 | D:9      | Reached skill level 5 in Throwing
  8768 | D:9      | Identified the +5 dagger "Concordance" {spect, Str+5}
  9043 | D:10     | Entered Level 10 of the Dungeon
  9144 | D:10     | Reached skill level 15 in Axes
  9903 | D:10     | Reached XP level 11. HP: 97/97 MP: 12/12
 10187 | D:11     | Reached **** piety under Okawaru
 10188 | D:11     | Received a gift from Okawaru
 10263 | D:11     | Noticed Erica
 10277 | D:11     | Killed Erica
 10455 | D:11     | Found Galowno's Elemental Accessories.
 10609 | D:11     | Reached skill level 16 in Axes
 10965 | D:12     | Reached ***** piety under Okawaru
 11041 | Lair:1   | Entered Level 1 of the Lair of Beasts
 11068 | Lair:1   | Received a gift from Okawaru
 11228 | Lair:1   | Reached skill level 10 in Fighting
 11228 | Lair:1   | Reached skill level 10 in Armour
 11228 | Lair:1   | Reached skill level 10 in Shields
 11229 | Lair:1   | Reached skill level 5 in Invocations
 11488 | Lair:1   | Noticed Nergalle
 11499 | Lair:1   | Killed Nergalle
 12150 | Lair:2   | Noticed ders's ghost (journeyman DjCj)
 12154 | Lair:2   | Found a transporter.
 12167 | Lair:2   | Noticed a death yak
 12206 | Lair:2   | Found a transporter.
 12227 | Lair:2   | Reached XP level 12. HP: 52/106 MP: 14/14
 12717 | Lair:2   | Found the amulet of Elemental Vulnerability {rPois rF--
                  | rC-- AC+8}
 12786 | Lair:2   | Reached skill level 17 in Axes
 12807 | Lair:2   | Received a gift from Okawaru
 13096 | Lair:3   | Noticed a death yak
 13098 | Lair:3   | Noticed a death yak
 13098 | Lair:3   | Noticed a death yak
 13099 | Lair:3   | Noticed a death yak
 13099 | Lair:3   | Noticed a death yak
 13113 | Lair:3   | Killed a death yak
 13114 | Lair:3   | Killed a death yak
 13114 | Lair:3   | Killed a death yak
 13116 | Lair:3   | Killed a death yak
 13119 | Lair:3   | Killed a death yak
 13357 | Lair:3   | Found a staircase to the Snake Pit.
 13594 | Lair:3   | Received a gift from Okawaru
 13796 | Lair:3   | Noticed an eight-headed hydra
 13913 | Lair:3   | Noticed an eight-headed hydra
 13935 | Lair:3   | Killed a 19-headed hydra
 14013 | Lair:3   | Noticed a catoblepas
 14050 | Lair:3   | Killed a catoblepas
 14050 | Lair:3   | Identified the +8 broad axe "Keprycaed" {venom, Dex+2}
                  | (Okawaru gifted it to you on level 3 of the Lair of Beasts)
 14050 | Lair:3   | Received a gift from Okawaru
 14315 | Lair:3   | Killed an 11-headed hydra
 14381 | Lair:3   | Found a staircase to the Swamp.
 14543 | Lair:4   | Got Sif Muna's Lessons on Impure Command
 14577 | Lair:4   | Reached XP level 13. HP: 104/116 MP: 16/16
 14910 | Lair:4   | Reached skill level 18 in Axes
 14939 | Lair:4   | Noticed Sonja
 14953 | Lair:4   | Killed Sonja
 15610 | Lair:5   | Entered Level 5 of the Lair of Beasts
 15672 | Lair:5   | Received a gift from Okawaru
 15726 | Lair:5   | Found a staircase to the Slime Pits.
 15851 | Lair:5   | Identified the +6 ring mail "Haficeh" {rF+ rC+ MP-9}
                  | (Okawaru gifted it to you on level 5 of the Lair of Beasts)
 15851 | Lair:5   | Received a gift from Okawaru
 16356 | Lair:5   | Identified the +0 pair of gloves of the Sun {rCorr}
 16890 | Lair:5   | Identified the +10 battleaxe of Eternity {protect, rC++
                  | Str+3 Stlth+} (Okawaru gifted it to you on level 5 of the
                  | Lair of Beasts)
 16890 | Lair:5   | Received a gift from Okawaru
 17444 | D:12     | Reached XP level 14. HP: 127/127 MP: 10/19
 17676 | D:12     | Found a staircase to the Orcish Mines.
 17868 | D:12     | Reached ****** piety under Okawaru
 18042 | D:12     | Found the +9 sword of Zonguldrok {reap}
 18042 | D:12     | Noticed a bone dragon
 18069 | D:12     | Killed a bone dragon
 18133 | D:12     | Received a gift from Okawaru
 19478 | D:13     | Identified the +1 pair of gloves of a bazaar {Will+}
                  | (Okawaru gifted it to you on level 13 of the Dungeon)
 19478 | D:13     | Received a gift from Okawaru
 19479 | D:13     | Found a gate to the Vaults.
 20256 | D:14     | Reached skill level 10 in Throwing
 20443 | D:14     | Reached skill level 15 in Shields
 20782 | D:15     | Entered Level 15 of the Dungeon
 20961 | D:15     | Found a shadowy altar of Dithmenos.
 21158 | D:15     | Reached XP level 15. HP: 123/137 MP: 15/21
 21444 | D:15     | Received a gift from Okawaru
 21498 | D:15     | Found a staircase to the Depths.
 21507 | D:15     | Reached skill level 10 in Invocations
 21668 | D:15     | Received a gift from Okawaru
 21964 | Orc:1    | Entered Level 1 of the Orcish Mines
 22020 | Orc:1    | Found a burning altar of Makhleb.
 22173 | Orc:2    | Entered Level 2 of the Orcish Mines
 22189 | Orc:2    | Found Dothue Noel's Jewellery Emporium.
 22215 | Orc:2    | Bought the ring "Townunoos" {rElec rCorr Int+6} for 778
                  | gold pieces
 22215 | Orc:2    | Bought a ring of willpower for 350 gold pieces
 22472 | Orc:2    | Noticed Urug
 22487 | Orc:2    | Noticed Snorg
 22489 | Orc:2    | Killed Urug
 22501 | Orc:2    | Killed Snorg
 22712 | Orc:2    | Found a staircase to the Elven Halls.
 22731 | Orc:2    | Noticed Erolcha
 22755 | Orc:2    | Killed Erolcha
 22931 | Orc:2    | Received a gift from Okawaru
 23306 | Orc:2    | Noticed Nessos
 23361 | Orc:2    | Killed Nessos
 23764 | Orc:2    | Received a gift from Okawaru
 23846 | Orc:2    | Reached skill level 15 in Fighting
 23853 | Orc:2    | Reached skill level 15 in Armour
 24350 | Orc:2    | Found Uliceuni's Antique Armour Shop.
 24353 | Orc:2    | Found Waemaen's General Store.
 24354 | Orc:2    | Found Lufeseiw's Jewellery Shop.
 24355 | Orc:2    | Found Oplomaaf's Assorted Antiques.
 24368 | Orc:2    | Bought a dented peridot amulet for 135 gold pieces
 24620 | Lair:2   | Received a gift from Okawaru
 24624 | Lair:2   | Killed ders's ghost
 24693 | Snake:1  | Entered Level 1 of the Snake Pit
 24715 | Snake:1  | Received a gift from Okawaru
 25672 | Snake:1  | Found a runed translucent door.
 25675 | Snake:1  | Received a gift from Okawaru
 25789 | Snake:1  | Reached XP level 16. HP: 138/149 MP: 23/23
 26281 | Snake:2  | Noticed Vashnia
 26315 | Snake:2  | Shot with an arrow by Vashnia

Illustrated notes

Levels and vault maps discovered:
D:1:      mrwooster_arrival_arrow, layout_loops_ring,
          shapermc_ecumenical_altar_petra,
          nicolae_concentric_dashed_squares_mild, minmay_indecisive_spiral
D:2:      layout_loops_ring, roderic_filled_cross, uniq_terence
D:3:      layout_loops_cross, mainiacjoe_overflow_brackets,
          overflow_temple_1_default, nicolae_overflow_hidden_temple,
          grunt_qazlal_clouds
D:4:      layout_cave_pods, chei_slow_surprise, uniq_grinder, uniq_robin
D:5:      kennysheep_kobold_camp, layout_loops_ring, kennysheep_ying_yang,
          nicolae_ru_great_annihilating_truth
D:6:      minmay_bubble_buster, layout_loops_ring, kennysheep_orc_sif_temple
D:7:      layout_loops_cross, okawaru_trees_2, minmay_temple_entry_sparse_star,
          kennysheep_opposing_triangles, uniq_maggie
D:8:      layout_rooms, jmf_multi_god_temple2, chequers_ossuary_entry_cave,
          amcnicky_mini_corridor_feature, uniq_joseph
D:9:      layout_basic, dpeg_oklobed_lair, chequers_serial_rivers_micro_b
D:10:     layout_long_grid, hellmonk_bongcloud_opening
D:11:     layout_gridville, nicolae_elemental_shop, item_on_display_a,
          uniq_erica
D:12:     layout_gridville, orc_0_dummy, serial_ice, serial_ice_e, serial_ice_i,
          serial_ice_g, serial_ice_d, serial_ice_h, serial_ice_a,
          minmay_guarded_unrand_zonguldrok
D:13:     layout_stronghold, ximxim_vaults_locker_room
D:14:     layout_long_grid
D:15:     gammafunk_enter_depths_forms, layout_cave_pods, st_stairs_9,
          nicolae_dithmenos_through_a_glass_darkly
Temple:   eino_temple_lava
Lair:1:   layout_cave_pods, uniq_nergalle
Lair:2:   layout_small_grid, gammafunk_ghost_arena
Lair:3:   layout_hall_layers, palyth_hydra_swamp_entry,
          guppyfry_snake_entry_garden
Lair:4:   layout_cave_pods, serial_bayou, serial_bayou_lagoon_a,
          serial_bayou_pond_a, serial_bayou_crossing, serial_bayou_shore_b,
          serial_bayou_shore_a, uniq_sonja
Lair:5:   evilmike_catoblepas_cave, layout_long_grid, slime_entry_1,
          serial_bayou_lagoon_b
Snake:1:  cheibrodos_toxic_ritual, layout_rooms, nicolae_triple_integral
Snake:2:  layout_concentric_octagons, serial_shops, bzr_entry_customers,
          minmay_shop_grove, grunt_megastairs_2, uniq_vashnia
Orc:1:    layout_caves, bloody_makhleb
Orc:2:    st_orc_pillars, layout_caves, serial_shops, nicolae_shop_statue_plus,
          uniq_nessos, uniq_erolcha, uniq_urug, uniq_snorg

Skill      XL: |  1  2  3  4  5  6  7  8  9 10 11 12 13 14 15 |
---------------+----------------------------------------------+-----
Axes           | 3 4 5 6 8 10 13 15 16 17 18 | 18.0
Fighting       | 4 5 6 7 8 9 10 11 12 13 15 | 15.7
Armour         | 4 5 6 7 8 9 10 11 12 13 15 | 15.7
Shields        | 4 5 6 7 8 9 10 11 13 15 | 15.5
Throwing       | 2 4 5 6 7 9 10 | 10.0
Invocations    | 1 3 5 6 8 9 11 | 11.6

Action                     |  1- 3 |  4- 6 |  7- 9 | 10-12 | 13-15 | 16-18 || total
---------------------------+-------+-------+-------+-------+-------+-------++-------
  Melee: War axe           |    58 |   122 |   220 |   460 |       |       ||   860
         Headbutt          |     8 |    14 |    44 |   105 |   211 |    11 ||   393
         Unarmed           |       |       |       |     9 |       |       ||     9
         Broad axe         |       |       |       |    28 |   893 |    42 ||   963
  Throw: Dart              |       |       |     8 |       |       |       ||     8
         Boomerang         |       |       |       |     6 |    54 |       ||    60
 Invoke: Heroism           |       |       |       |     7 |     3 |       ||    10
         Finesse           |       |       |       |     3 |     3 |     1 ||     7
    Use: Scroll            |     2 |     5 |     7 |    17 |     6 |     1 ||    38
         Potion            |       |       |       |       |     5 |       ||     5
   Stab: Confused          |       |       |       |     1 |       |       ||     1
 Armour: Scale mail        |    33 |    62 |    69 |       |       |       ||   164
         Plate armour      |       |       |     2 |   269 |   380 |    25 ||   676
         Skin              |       |       |       |     2 |       |       ||     2
         Ring mail         |       |       |       |       |   212 |       ||   212
  Dodge: Dodged            |    23 |    85 |   126 |   300 |   391 |     6 ||   931
  Block: Buckler           |    12 |    39 |    56 |   149 |   111 |       ||   367
         Tower shield      |       |       |       |       |   613 |    56 ||   669
         Kite shield       |       |       |       |       |    61 |       ||    61

Table legend: (Time is in decaauts)
 A = Elapsed time spent in this place.
 B = Non-inter-level travel time spent in this place.
 C = Inter-level travel time spent in this place.
 D = Time resting spent in this place.
 E = Time spent auto-exploring this place.
 F = Levels seen in this place.
 G = Mean time per level.
                   A        B        C        D        E       F      G
               +--------+--------+--------+--------+--------+-----+--------+
         Total |  26101 |  25082 |   1019 |   2513 |  15761 |  26 | 1003.9 |
       Dungeon |  15124 |  14418 |    706 |    683 |   9760 |  15 | 1008.3 |
        Temple |     55 |     49 |      6 |      0 |     44 |   1 |   55.0 |
          Lair |   6333 |   6093 |    240 |    528 |   4141 |   5 | 1266.6 |
     Snake Pit |   1617 |   1600 |     17 |    473 |    792 |   2 |  808.5 |
  Orcish Mines |   2466 |   2417 |     49 |    829 |    927 |   2 | 1233.0 |
       Ossuary |    503 |    503 |      0 |      0 |     97 |   1 |  503.0 |
               +--------+--------+--------+--------+--------+-----+--------+

Top non-repeatable levels by time:
   Orc:2: 1878 daAuts
  Lair:5: 1647 daAuts
 Snake:1: 1576 daAuts
  Lair:3: 1468 daAuts
    D:13: 1437 daAuts
     D:5: 1355 daAuts
     D:4: 1257 daAuts
    D:10: 1115 daAuts
  Lair:1: 1095 daAuts
  Lair:4: 1093 daAuts
    D:15: 1073 daAuts
    D:14: 1029 daAuts
  Lair:2: 1028 daAuts
     D:9: 1011 daAuts
     D:6: 998 daAuts
